 Dungeon Crawl Stone Soup version 0.19.0-11-g3fc08b3 (webtiles) character file.

298 KarmaPolice the Bolt Thrower (level 6, -3/42 HPs)
             Began as a Halfling Hunter on Nov 9, 2016.
             Shot with an arrow by a centaur (14 damage)
             ... on level 3 of the Dungeon.
             The game lasted 00:06:56 (3527 turns).

KarmaPolice the Bolt Thrower (Halfling Hunter)      Turns: 3527, Time: 00:06:57

Health: -3/42      AC:  3    Str: 13    XL:     6   Next: 62%
Magic:  6/6        EV: 14    Int:  9    God:
Gold:   214        SH:  0    Dex: 17    Spells: 0 memorised, 5 levels left

rFire  . . .     SeeInvis .     b - +0 short sword
rCold  . . .     Gourm    .     c - +0 leather armour
rNeg   . . .     Faith    .     (shield restricted)
rPois  .         Spirit   .     (no helmet)
rElec  .         Reflect  .     (no cloak)
rCorr  .         Harm     .     (no gloves)
MR     .....                    (no boots)
Stlth  ++........               (no amulet)
                                (no ring)
                                (no ring)

@: no status effects
A: mutation resistance 1
a: no special abilities


You were on level 3 of the Dungeon.
You were not hungry.

You visited 1 branch of the dungeon, and saw 3 of its levels.

You collected 214 gold pieces.

Inventory:

Hand Weapons
 a - a +1 hand crossbow
 b - a +0 short sword (weapon)
 o - a +0 whip of holy wrath
 x - a cursed -2 dagger
Missiles
 d - 14 bolts
Armour
 c - a +0 leather armour (worn)
 n - a +0 ring mail of fire resistance
Scrolls
 e - 2 scrolls of recharging {unknown}
 i - 3 scrolls of identify {unknown}
 k - a scroll of blinking {unknown}
 l - a scroll of noise {unknown}
 q - a scroll of random uselessness {unknown}
 t - a scroll of amnesia {unknown}
 v - a scroll of remove curse {unknown}
Potions
 g - a potion of mutation {unknown}
 j - a potion of haste {unknown}
 m - 2 potions of curing {unknown}
 p - a potion of resistance {unknown}
 u - a potion of brilliance {unknown}
 z - a potion of cure mutation {unknown}
 A - a potion of might {unknown}
Books
 s - a book of Cantrips

   Spells                             Type                      Level
   a - Confusing Touch                Hexes                        1
   b - Animate Skeleton               Necromancy                   1
   c - Summon Small Mammal            Summoning                    1
   d - Apportation                    Translocation                1
Comestibles
 f - a bread ration
 h - a beef jerky
 r - 2 meat rations
 w - 7 chunks of flesh


   Skills:
 + Level 3.1 Fighting
 + Level 3.5 Short Blades
 + Level 5.7 Crossbows
 + Level 2.9 Armour
 - Level 2.1 Dodging
 - Level 1.1 Stealth


You had 5 spell levels left.
You didn't know any spells.

Dungeon Overview and Level Annotations

Branches:
Dungeon (3/15)

Altars:
Trog
Xom


Innate Abilities, Weirdness & Mutations

You are small and have problems with some larger weapons.
You are somewhat resistant to further mutation.


Message History

The jelly is almost dead.
The jelly hits you.
You are splashed with acid!
The acid burns!
You hit the jelly.
You kill the jelly!
You start resting.
A goblin comes into view. It is wielding a club.
The goblin shouts!
As you close the door, it creaks loudly!
The goblin closely misses you.
You closely miss the goblin. You miss the goblin.
The goblin hits you with a club.
You hit the goblin.
You kill the goblin!
The centaur shoots an arrow.
The arrow hits you!
* * * LOW HITPOINT WARNING * * *
The centaur shoots an arrow.
The arrow barely misses you.
Items here: $ ) ? † a club; a scroll labeled JEMIFR GIVEHUE; 8 gold pieces; a goblin corpse The centaur shoots an arrow.
The arrow hits you!
You die...

###.#####...####.....#####.#####.
#. #...####.###.#####.#####. ..
................)..>...... ...
.........(...............# ...
...#######.############....
#.##......# #..#. #.##......#
#..#. #)##......# #..#.
#@##......# ##.#. #####.##......#
#... #....c.+......#####..#
#......#.........##...
#......######)...##...
#......#.........####.
########...........##.
#........##.##. #........# ##.


You could see a centaur.

Vanquished Creatures
  Sigmund (D:2)
  A jelly (D:3)
  Ijyb (D:2)
  2 adders (D:3)
  3 worms
  A dart slug (D:2)
  4 giant cockroaches
  7 goblins
  9 hobgoblins
  4 jackals (D:3)
  3 quokkas
  2 ball pythons (D:2)
  A bat (D:3)
  2 frilled lizards (D:2)
  5 kobolds
  8 rats
54 creatures vanquished.

Notes
Turn   | Place    | Note
-------+----------+-------------------------------------------
     0 | D:1      | KarmaPolice the Halfling Hunter began the quest for the Orb.
     0 | D:1      | Reached XP level 1. HP: 14/14 MP: 1/1
   219 | D:1      | Reached skill level 1 in Short Blades
   219 | D:1      | Reached XP level 2. HP: 10/19 MP: 2/2
  1102 | D:2      | Reached XP level 3. HP: 12/24 MP: 3/3
  1691 | D:2      | Noticed Ijyb
  1702 | D:2      | Killed Ijyb
  1702 | D:2      | Reached skill level 1 in Armour
  1702 | D:2      | Reached XP level 4. HP: 29/29 MP: 4/4
  1730 | D:2      | Found a shimmering altar of Xom.
  1796 | D:2      | Noticed Sigmund
  1806 | D:2      | Killed Sigmund
  1806 | D:2      | Reached skill level 5 in Crossbows
  1806 | D:2      | Reached XP level 5. HP: 20/36 MP: 5/5
  1806 | D:2      | Reached XP level 6. HP: 22/41 MP: 6/6
  3225 | D:3      | Found a bloodstained altar of Trog.
  3527 | D:3      | Shot with an arrow by a centaur

Skill      XL: |  1  2  3  4  5  6 |
---------------+-------------------+-----
Short Blades   | 1 2 3 |  3.5
Fighting       | 2 3 |  3.1
Armour         | 1 2 |  2.9
Crossbows      | 5 |  5.7
Dodging        | |  2.1
Stealth        | |  1.1

Action                   |  1- 3 |  4- 6 || total
-------------------------+-------+-------++-------
Melee: Short sword       |    82 |   122 ||   204
 Fire: Hand crossbow     |    13 |    11 ||    24
 Stab: Sleeping          |       |     3 ||     3
  Eat: Chunk             |     1 |     7 ||     8
Armor: Leather armour    |    11 |    16 ||    27
Dodge: Dodged            |    47 |    97 ||   144
